 Dungeon Crawl Stone Soup version 0.18-a0-1577-gf591c28 (webtiles) character file.

42627 Tomstefer the Impaler (level 13, -3/128 HPs)
             Began as a Minotaur Berserker on Mar 17, 2016.
             Was the Champion of Trog.
             Slain by a boulder beetle (25 damage)
             ... on level 8 of the Lair of Beasts.
             The game lasted 00:35:59 (17039 turns).

Tomstefer the Impaler (Minotaur Berserker)         Turns: 17039, Time: 00:36:00

Health: -3/128     AC: 27    Str: 26    XL:     13   Next: 86%
Magic:  3/3        EV:  9    Int:  7    God:    Trog [******]
Gold:   1254       SH:  0    Dex: 11    Spells: 0 memorised, 12 levels left

rFire  + + .     SeeInvis .     X - +5 bardiche (venom)
rCold  + . .     Gourm    .     Y - +3 plate armour {rF+}
rNeg   . . .     Faith    .     (shield currently unavailable)
rPois  +         Spirit   .     (helmet restricted)
rElec  .         Dismiss  .     s - +0 cloak {+Inv}
rCorr  .         Reflect  .     Q - +2 pair of gloves
SustAt .         Harm     .     L - +0 pair of boots
MR     .....     Clarity  +     x - amulet of regeneration
Stlth  ..........               U - ring of poison resistance
                                T - ring "Akki Hye" {rF+ rC+ MP-9 Int+3}

@: exhausted, slowed, very slow, not resistant to hostile enchantments,
extremely unstealthy
A: retaliatory headbutt, horns 2, clarity
a: Berserk, Trog's Hand, Brothers in Arms, Burn Spellbooks, Renounce Religion,
Evoke Invisibility


You were on level 8 of the Lair of Beasts.
You worshipped Trog.
Trog was exalted by your worship.
You were near starving.

You visited 2 branches of the dungeon, and saw 18 of its levels.
You also visited: Sewer and Ossuary.

You collected 1254 gold pieces.

Inventory:

Hand Weapons
 q - a +2 trident of freezing
 O - a +6 antimagic halberd
 X - a +5 bardiche of venom (weapon)
Missiles
 o - 14 silver tomahawks (quivered)
Armour
 s - a +0 cloak of invisibility (worn)
 L - a +0 pair of boots (worn)
 Q - a +2 pair of gloves (worn)
 Y - a +3 plate armour of fire resistance (worn)
Jewellery
 x - an amulet of regeneration (around neck)
 C - an uncursed ring of resist corrosion
 D - an uncursed ring of flight
 T - the ring "Akki Hye" (left hand) {rF+ rC+ MP-9 Int+3}
   (You found it on level 3 of the Lair of Beasts)

   [ring of protection from cold]

   It affects your intelligence (+3).
   It protects you from fire.
   It protects you from cold.
   It affects your magic capacity (-9).
 U - a ring of poison resistance (right hand)
 Z - a +3 ring of evasion
Wands
 a - a wand of disintegration (8/24)
 i - a wand of flame (23/48)
 y - a wand of teleportation (3/9)
 H - a wand of paralysis (11/24)
 S - a wand of lightning (4/15)
Scrolls
 b - 6 scrolls of fog
 d - 7 scrolls of remove curse
 f - 10 scrolls of teleportation
 g - 4 scrolls of magic mapping
 h - 2 scrolls of enchant weapon
 t - 3 scrolls of recharging
 v - a scroll of identify
 w - a scroll of brand weapon
 A - 3 scrolls of enchant armour
 I - a scroll of summoning
Potions
 e - 4 potions of agility
 j - 3 potions of berserk rage
 k - 4 potions of flight
 n - a potion of cancellation
 p - 3 potions of haste
 u - 6 potions of curing
 z - 7 potions of might
 M - a potion of brilliance
 R - 2 potions of ambrosia
 V - a potion of cure mutation
 W - a potion of magic
Comestibles
 c - 8 bread rations
 l - 13 meat rations
 m - 2 royal jellies
 G - 9 beef jerkies
 J - 41 fruits
 P - 2 slices of pizza


   Skills:
 + Level 16.1 Fighting
 * Level 17.0 Polearms
 + Level 15.2 Armour
 - Level 2.1 Dodging


You had 12 spell levels left.
You didn't know any spells.

Dungeon Overview and Level Annotations

Branches:
Dungeon (10/15)            Temple (0/1) D:7            Lair (8/8) D:10
  Swamp (0/4) Lair:6       Spider (0/4) Lair:4        Slime (0/6) Lair:6
    Orc (0/2) D:9

Altars:
Ashenzari
Cheibriados
Qazlal
Ru
Sif Muna
Trog
Vehumet


Innate Abilities, Weirdness & Mutations

You reflexively headbutt those who attack you in melee.
You have a pair of horns on your head.
You possess an exceptional clarity of mind.


Message History

* * * LOW HITPOINT WARNING * * *
You are more poisoned.
The black mamba poisons you! The black mamba barely misses you.
You furiously retaliate!
You headbutt the black mamba, but do no damage.
The boulder beetle bites you.
* * * LOW HITPOINT WARNING * * *
The black mamba closely misses you.
Drink which item? (? for menu, Esc to quit)
You feel better.
The black mamba bites you but does no damage. x2
The boulder beetle barely misses you. You furiously retaliate!
You headbutt the boulder beetle, but do no damage.
Your iron troll goes berserk!
You feel somewhat more hungry.
The black mamba bites you but does no damage. x2
The black mamba bites you.
* * * LOW HITPOINT WARNING * * *
The boulder beetle bites you!!
You die...

...............
..........?........
....................
....................
....................
..................P#
........T..........#
/......<..†.......#
.........†@†......##
P.........SB......P.
###.<...........PP..
#........#.........
#........#.........
######.............
#.........[...
..........#...
.......####.


You could see a boulder beetle, a black mamba and a friendly iron troll
(berserk).

Vanquished Creatures
  Maud (Lair:4)
  Snorg (Lair:5)
  5 hydras
  3 death yaks (Lair:4)
  A queen ant (Lair:3)
  Nergalle (Lair:1)
  The ghost of Dustman the Skirmisher, a novice HuWr of Vehumet (Ossuary)
  2 griffons (Lair:7)
  5 elephants (Lair:8)
  A black mamba (Lair:7)
  10 spiny frogs
  3 rime drakes
  9 komodo dragons
  A troll (D:10)
  A tengu conjurer (D:10)
  5 polar bears (Lair:3)
  17 blink frogs
  A wraith (D:10)
  A wyvern (Lair:3)
  43 yaks
  6 basilisks
  2 hungry ghosts
  4 hippogriffs
  4 vampire mosquitoes (D:9)
  5 soldier ants (Lair:3)
  13 water moccasins
  Duvessa (D:6)
  6 black bears
  A swamp drake (D:9)
  5 orc warriors
  18 porcupines
  A sky beast (D:9)
  An ice beast (D:10)
  3 ogres
  12 wolves
  A wasp (D:8)
  A centaur (D:8)
  8 crocodiles
  A big kobold (D:8)
  15 giant frogs
  A water moccasin zombie (D:9)
  3 scorpions
  2 water moccasin skeletons
  Dowan (D:6)
  A jelly (D:10)
  7 electric eels
  A howler monkey (D:4)
  6 crimson imps
  A wasp zombie (D:8)
  2 quasits
  7 hounds
  2 giant frog skeletons
  3 orc priests
  Crazy Yiuf (D:6)
  4 human zombies (Ossuary)
  7 orc wizards
  8 iguanas
  18 worker ants
  7 hell rats (Lair:4)
  21 sheep
  2 mummies (Ossuary)
  2 hound zombies
  A hound skeleton (D:4)
  A worker ant zombie (D:5)
  15 adders
  49 river rats
  4 shadow imps
  3 oozes (Sewer)
  2 adder skeletons
  5 worms
  4 dart slugs
  4 giant geckos
  34 orcs
  7 bats
  4 giant cockroaches
  8 goblins
  13 hobgoblins
  11 jackals
  15 ball pythons
  A ball python skeleton (D:4)
  A giant cockroach zombie (D:5)
  A giant gecko zombie (D:5)
  8 giant newts
  3 goblin zombies (Ossuary)
  11 hobgoblin zombies (Ossuary)
  2 jackal zombies (Ossuary)
  11 kobolds
  9 kobold zombies (Ossuary)
  7 orc zombies (Ossuary)
  34 rats
  A rat zombie (Ossuary)
  A plant (Lair:6)
597 creatures vanquished.

Vanquished Creatures (others)
  A kobold (D:1)
  6 fungi
  A plant (Lair:2)
8 creatures vanquished.

Grand Total: 605 creatures vanquished

Notes
Turn   | Place    | Note
--------------------------------------------------------------
     0 | D:1      | Tomstefer the Minotaur Berserker began the quest for the Orb.
     0 | D:1      | Reached XP level 1. HP: 19/19 MP: 0/0
   125 | D:1      | Reached skill level 4 in Polearms
   129 | D:1      | Reached XP level 2. HP: 14/27 MP: 1/1
   833 | D:1      | Reached ** piety under Trog
  1223 | D:2      | Reached XP level 3. HP: 25/33 MP: 2/2
  1592 | D:2      | Reached skill level 5 in Polearms
  1693 | D:2      | Reached XP level 4. HP: 41/41 MP: 3/3
  1852 | D:3      | Reached skill level 5 in Fighting
  1924 | D:3      | Reached *** piety under Trog
  2076 | D:3      | Reached XP level 5. HP: 43/48 MP: 4/4
  2585 | D:3      | Found a deep blue altar of Sif Muna.
  2598 | D:3      | Reached skill level 6 in Polearms
  2601 | D:3      | Reached XP level 6. HP: 39/57 MP: 5/5
  2635 | D:4      | Found a bloodstained altar of Trog.
  2692 | D:4      | Found a glowing drain.
  2696 | D:4      | Reached **** piety under Trog
  2696 | D:4      | Received a gift from Trog
  2720 | Sewer    | Entered a sewer
  3101 | Sewer    | Reached XP level 7. HP: 57/64 MP: 6/6
  3353 | Sewer    | Reached skill level 7 in Polearms
  3354 | Sewer    | Reached skill level 5 in Armour
  3414 | D:4      | Found a sacrificial altar of Ru.
  3683 | D:4      | Reached ***** piety under Trog
  3817 | D:5      | Entered Level 5 of the Dungeon
  3981 | D:5      | Found a radiant altar of Vehumet.
  4138 | D:5      | Reached XP level 8. HP: 74/74 MP: 7/7
  4197 | D:5      | Found a radiant altar of Vehumet.
  4445 | D:6      | Noticed Crazy Yiuf
  4450 | D:6      | Killed Crazy Yiuf
  4636 | D:6      | Reached skill level 8 in Polearms
  4763 | D:6      | Noticed Dowan
  4766 | D:6      | Noticed Duvessa
  4769 | D:6      | Killed Dowan
  4777 | D:6      | Killed Duvessa
  4946 | D:6      | Found a shattered altar of Ashenzari.
  5328 | D:7      | Found a staircase to the Ecumenical Temple.
  5413 | D:7      | Received a gift from Trog
  5576 | D:7      | Found a snail-covered altar of Cheibriados.
  5780 | D:8      | Reached skill level 9 in Polearms
  5788 | D:8      | Reached XP level 9. HP: 78/83 MP: 8/8
  5910 | D:8      | Found a sand-covered staircase.
  5915 | Ossuary  | Entered an ossuary
  5915 | Ossuary  | Noticed Dustman's ghost (novice HuWr)
  5923 | Ossuary  | Killed Dustman's ghost
  6093 | Ossuary  | Reached skill level 10 in Fighting
  6104 | Ossuary  | Reached skill level 10 in Polearms
  6732 | D:9      | Found a stormy altar of Qazlal.
  7101 | D:9      | Reached XP level 10. HP: 94/94 MP: 9/9
  7134 | D:9      | Found a staircase to the Orcish Mines.
  7168 | D:9      | Reached skill level 11 in Polearms
  7686 | D:10     | Entered Level 10 of the Dungeon
  7690 | D:10     | Found a staircase to the Lair.
  7693 | D:10     | Reached skill level 10 in Armour
  8183 | D:10     | Received a gift from Trog
  8333 | D:10     | Reached skill level 12 in Polearms
  8974 | Lair:1   | Entered Level 1 of the Lair of Beasts
  8990 | Lair:1   | Reached XP level 11. HP: 95/104 MP: 3/10
  9049 | Lair:1   | Noticed Nergalle
  9058 | Lair:1   | Killed Nergalle
  9107 | Lair:1   | Noticed a four-headed hydra
  9129 | Lair:1   | Killed a six-headed hydra
  9271 | Lair:1   | HP: 6/157 [wolf (4)]
  9720 | Lair:1   | Noticed a five-headed hydra
  9730 | Lair:1   | Killed a five-headed hydra
  9730 | Lair:1   | Reached skill level 13 in Polearms
  9869 | Lair:1   | Noticed an eight-headed hydra
  9879 | Lair:1   | Killed an eight-headed hydra
 10564 | Lair:2   | Received a gift from Trog
 10798 | Lair:2   | Reached XP level 12. HP: 99/116 MP: 3/11
 11020 | Lair:2   | Reached skill level 14 in Polearms
 11673 | Lair:3   | Got a flickering golden ring
 11717 | Lair:3   | Received a gift from Trog
 11927 | Lair:3   | Identified the ring "Akki Hye" {rF+ rC+ MP-9 Int+3} (You found it on level 3 of the Lair of Beasts)
 11940 | Lair:3   | Noticed a queen ant
 11946 | Lair:3   | Killed a queen ant
 12544 | Lair:3   | Reached ****** piety under Trog
 12632 | Lair:4   | Reached skill level 15 in Fighting
 12632 | Lair:4   | Reached skill level 15 in Polearms
 12664 | Lair:4   | Noticed a death yak
 12665 | Lair:4   | Noticed a death yak
 12666 | Lair:4   | Noticed a death yak
 12676 | Lair:4   | Killed a death yak
 12679 | Lair:4   | Killed a death yak
 12685 | Lair:4   | Killed a death yak
 12752 | Lair:4   | Received a gift from Trog
 12912 | Lair:4   | Reached XP level 13. HP: 126/126 MP: 3/12
 12971 | Lair:4   | Found a hole to the Spider Nest.
 13032 | Lair:4   | Noticed Maud
 13044 | Lair:4   | Killed Maud
 13968 | Lair:5   | Noticed Snorg
 13977 | Lair:5   | Killed Snorg
 14280 | Lair:5   | Reached skill level 16 in Polearms
 15021 | Lair:5   | Gained mutation: You possess an exceptional clarity of mind. [potion of beneficial mutation]
 15455 | Lair:6   | Found a staircase to the Slime Pits.
 15635 | Lair:6   | Found a staircase to the Swamp.
 15640 | Lair:6   | Received a gift from Trog
 16260 | Lair:7   | Reached skill level 15 in Armour
 17011 | Lair:8   | Entered Level 8 of the Lair of Beasts
 17019 | Lair:8   | Reached skill level 17 in Polearms
 17036 | Lair:8   | HP: 4/128 [boulder beetle (20)]
 17039 | Lair:8   | Slain by a boulder beetle

Vault maps used:
D:1:      shiori_arrival_oz
D:2:      first_bread
D:3:      led_sif_book, fedhas_altar_fruit_tree
D:4:      lemuel_doored_altar, portal_sewer_entry_b, trog_butcher_becter
D:5:      vehumet_altar_wand_db, basic_altar, kennysheep_big_empty_room
D:6:      ashenzari_altar_1, uniq_duvessa, uniq_crazy_yiuf_cottage
D:7:      temple_statues, basic_altar
D:8:      nicolae_ossuary_entry_false_entrances
D:9:      erik_orc_1, basic_altar
D:10:     erik_lair_island, grunt_tengu_nest
Lair:1:   lemuel_fruit_tree, infiniplex_staircase_pool_2, uniq_nergalle
Lair:2:   grunt_megastairs_3
Lair:3:   beast_lair_carwin_large_1, wad_woods_antlair
Lair:4:   dummy_spider_entry, serial_bayou_lake_a, serial_bayou_shore_b,
          uniq_maud
Lair:5:   wad_woods_road_06, lemuel_fruit_fields, bh_autumn_forest_stairs,
          grunt_megastairs_1, uniq_snorg
Lair:6:   minmay_swamp_entry_reptiles, slime_dummy, minmay_hedge_maze
Lair:7:   grunt_megastairs_4, lemuel_fruit_fields
Lair:8:   evilmike_catoblepas_cave
Sewer:    sewer_minmay_w
Ossuary:  ossuary_tomb_1

Skill      XL: |  1  2  3  4  5  6  7  8  9 10 11 12 13 |
---------------+----------------------------------------+-----
Polearms       | 4 5 6 7 9 10 12 13 15 17 | 17.0
Fighting       | 4 5 6 7 9 10 12 13 15 16 | 16.1
Armour         | 3 4 5 7 9 11 12 14 15 | 15.2
Dodging        | |  2.1

Action                   |  1- 3 |  4- 6 |  7- 9 | 10-12 | 13-15 || total
-------------------------+-------+-------+-------+-------+-------++-------
Melee: Spear             |   103 |    38 |       |       |       ||   141
       Trident           |       |   159 |   439 |   272 |    10 ||   880
       Halberd           |       |       |       |   338 |       ||   338
       Glaive            |       |       |       |   147 |       ||   147
       Bardiche          |       |       |       |     9 |   267 ||   276
Invok: Burn Spellbooks   |       |       |     2 |     2 |     1 ||     5
       Berserk           |       |       |     2 |    10 |     4 ||    16
       Brothers in Arms  |       |       |       |       |     1 ||     1
  Use: Scroll            |       |    13 |    10 |     6 |     4 ||    33
       Potion            |       |       |     6 |       |     5 ||    11
 Stab: Distracted        |     1 |       |       |       |       ||     1
  Eat: Chunk             |     2 |     5 |    12 |    18 |     8 ||    45
       Bread ration      |       |       |     1 |     4 |     2 ||     7
